 Dungeon Crawl Stone Soup version 0.31-a0-145-g046c7d2549 (webtiles) character file.

Game seed: 15396519291512163375

562 qw the Skirmisher (level 7, -6/61 HPs)
             Began as a Minotaur Hunter on June 7, 2023.
             Mangled by a gnoll
             ... wielding a +0 halberd
             ... led by a gnoll sergeant
              (10 damage)
             ... on level 4 of the Dungeon.
             The game lasted 00:01:14 (2934 turns).

qw the Skirmisher (Minotaur Hunter)                 Turns: 2934, Time: 00:01:15

Health: -6/61      AC:  6    Str: 13 (15) XL:     7   Next: 10%
Magic:  6/6        EV: 12    Int:  6      God:
Gold:   148        SH:  0    Dex: 16      Spells: 6/6 levels left

rFire   . . .        Y - +0 shortbow (flame)
rCold   . . .        (shield currently unavailable)
rNeg    . . .        f - +3 leather armour
rPois   .            (helmet restricted)
rElec   .            (no cloak)
rCorr   .            (no gloves)
SInv    .            (no boots)
Will    .....        (no amulet)
Stlth   +            (no ring)
HPRegen 0.30/turn    (no ring)
MPRegen 0.10/turn

%: no passive effects
@: no status effects
A: horns 2, retaliatory headbutt
a: no special abilities


You were on level 4 of the Dungeon.
You visited 1 branch of the dungeon, and saw 4 of its levels.

You collected 148 gold pieces.


Innate Abilities, Weirdness & Mutations

You have a pair of horns on your head.
You reflexively headbutt those who attack you in melee.


   Skills:
 - Level 5.5 Fighting
 - Level 8.0 Ranged Weapons
 + Level 2.9 Dodging
 - Level 0.7 Stealth


You had 6 spell levels left.
You didn't know any spells.
Your spell library was empty.

Inventory:

Hand Weapons
 Y - a +0 shortbow of flaming (weapon)
Armour
 f - a +3 leather armour (worn)
Scrolls
 a - a scroll of identify
 b - a scroll of immolation {unknown}
Potions
 d - a potion of curing {unknown}
 e - a potion of brilliance {unknown}
 g - a potion of heal wounds {unknown}

Dungeon Overview and Level Annotations

Branches:
Dungeon (4/15)
 Temple: D:4-7

Altars:

Shops:
D:1 *?:


Message History

The arrow hits the gnoll but does no damage.
The gnoll is severely wounded.
The gnoll hits you from afar with a +0 halberd.
The gnoll hits you from afar with a +0 spear.
You shoot an arrow. The arrow hits the gnoll.
The arrow burns the gnoll.
You kill the gnoll!
The gnoll closely misses you. The gnoll misses you.
You feel your strength returning.
You shoot an arrow. The arrow closely misses the gnoll.
The gnoll barely misses you. x2
You shoot an arrow. The arrow hits the adder!
The arrow burns the adder.
You kill the adder!
The gnoll barely misses you. The gnoll hits you with a +0 flail.
The gnoll barely misses you.
You shoot an arrow. The arrow hits the gnoll.
The arrow burns the gnoll.
The gnoll is severely wounded.
The gnoll misses you. x2
The gnoll hits you from afar with a +0 halberd.
You shoot an arrow. The arrow closely misses the gnoll.
The arrow barely misses the gnoll.
The gnoll barely misses you.
The gnoll hits you from afar with a +0 halberd.
You shoot an arrow. The arrow hits the gnoll.
The arrow burns the gnoll.
The gnoll is almost dead.
The gnoll hits you but does no damage. The gnoll misses you.
The gnoll hits you with a +0 flail.
You shoot an arrow. The arrow hits the gnoll!
The arrow burns the gnoll.
You kill the gnoll!
The gnoll misses you.
The gnoll hits you from afar with a +0 spear.
You shoot an arrow. The arrow hits the gnoll!
The arrow burns the gnoll.
The gnoll is severely wounded.
The gnoll hits you from afar with a +0 halberd.
The gnoll hits you from afar with a +0 spear.
You shoot an arrow. The arrow hits the gnoll.
The arrow burns the gnoll.
You kill the gnoll!
The gnoll hits you from afar with a +0 halberd.
You shoot an arrow. The arrow barely misses the gnoll.
The gnoll hits you from afar with a +0 halberd!
You die...

..[# #.###############
#### #...............#
# ###############.# #
#.# # #.# # ## #.# # ..
#.# . .####.########.#
.
.....g.@....##.#####+#.
......%)...............
.....))................
.......................
............##.#..(..#.
............##.#.#.....
............##.#.....#.
............##.#####.#
...P.....#.# .#


You could see a gnoll.

Vanquished Creatures
  An ogre (D:4)
  A gnoll sergeant (D:4)
  2 orc priests (D:3)
  Jessica (D:2)
  4 orc wizards (D:3)
  7 gnolls (D:4)
  8 adders
  4 dart slugs
  13 orcs
  7 endoplasms
  3 goblins
  6 hobgoblins
  4 jackals
  3 quokkas
  A ball python (D:1)
  11 bats
  4 frilled lizards
  4 kobolds
  6 rats
90 creatures vanquished.

Notes
Turn   | Place    | Note
-------+----------+-------------------------------------------
     0 | D:1      | qw the Minotaur Hunter began the quest for the Orb.
     0 | D:1      | Reached XP level 1. HP: 18/18 MP: 0/0
     0 | D:1      | 0 ||| qw: Version: 0.2-a-117-gc6b5c8b
     0 | D:1      | 0 ||| qw: Game counter: 2475
     0 | D:1      | 0 ||| qw: Always use a shield: true
     0 | D:1      | 0 ||| qw: God list: Okawaru
     0 | D:1      | 0 ||| qw: Allow faded altars: false
     0 | D:1      | 0 ||| qw: Do Orc after D:15 true
     0 | D:1      | 0 ||| qw: Do second Lair branch before Depths: true
     0 | D:1      | 0 ||| qw: Lair rune preference: random
     0 | D:1      | 0 ||| qw: Plans: Normal
     0 | D:1      | 0 ||| PLANNING D:1-11
    55 | D:1      | Found Aghe's Magic Scroll Emporium.
    65 | D:1      | Reached XP level 2. HP: 23/25 MP: 1/1
    88 | D:1      | Reached skill level 5 in Ranged Weapons
    90 | D:1      | 90 ||| SHOPLISTING scroll of enchant weapon (105 gold, have
                  | 0).
    90 | D:1      | 90 ||| SHOPLISTING scroll of identify (28 gold, have 0).
    90 | D:1      | 90 ||| SHOPLISTING scroll of teleportation (42 gold, have
                  | 0).
   158 | D:1      | Found Plog's Book Boutique.
   222 | D:1      | Found Ciyne Jo Ank's Assorted Antiques.
   239 | D:1      | 239 ||| SHOPLISTING scroll labelled ABAHA BOFAIRGHO (33
                  | gold, have 9).
   239 | D:1      | 239 ||| SHOPLISTING scroll labelled DILEIKHLYNU (33 gold,
                  | have 9).
   239 | D:1      | 239 ||| SHOPLISTING scroll labelled ZICIHI GOTZUOJ (33
                  | gold, have 9).
   259 | D:1      | Reached skill level 3 in Fighting
   461 | D:1      | 461 ||| UPGRADING to +3 leather armour.
   471 | D:1      | 471 ||| DROPPING +0 leather armour.
   472 | D:1      | 472 ||| READING scroll labelled OTIOCL OT JOYL.
   475 | D:1      | 475 ||| READING scroll labelled XIBAAN WAOF.
   476 | D:1      | 476 ||| READING 2 scrolls labelled DILEIKHLYNU.
   477 | D:1      | 477 ||| DROPPING scroll of butterflies.
   478 | D:1      | 478 ||| DROPPING scroll of amnesia.
   507 | D:2      | Reached XP level 3. HP: 31/31 MP: 2/2
   692 | D:2      | Reached XP level 4. HP: 19/38 MP: 3/3
   698 | D:2      | Reached skill level 6 in Ranged Weapons
  1099 | D:2      | Noticed Jessica
  1102 | D:2      | Killed Jessica
  1527 | D:2      | 1527 ||| READING scroll labelled ZICIHI GOTZUOJ.
  1528 | D:2      | 1528 ||| READING scroll labelled ABAHA BOFAIRGHO.
  1627 | D:3      | 1627 ||| Stepping ~*~*~tactically~*~*~ (outnumbered).
  1632 | D:3      | Reached XP level 5. HP: 46/46 MP: 4/4
  1809 | D:3      | Reached skill level 7 in Ranged Weapons
  2043 | D:3      | Reached XP level 6. HP: 49/52 MP: 5/5
  2353 | D:3      | 2353 ||| READING scroll labelled MUUMMA KOIZULO.
  2354 | D:3      | 2354 ||| DRINKING 2 sedimented grey potions.
  2355 | D:3      | 2355 ||| DROPPING potion of degeneration.
  2415 | D:4      | 2415 ||| STAIRDANCE
  2581 | D:4      | HP: 11/52 [gnoll/+0 spear (4)]
  2582 | D:4      | 2582 ||| READING scroll of teleportation.
  2585 | D:4      | Reached skill level 8 in Ranged Weapons
  2921 | D:4      | Reached XP level 7. HP: 43/61 MP: 6/6
  2932 | D:4      | HP: 10/61 [gnoll/+0 spear[a gnoll sergeant] (6)]
  2933 | D:4      | HP: 4/61 [gnoll/+0 halberd[a gnoll sergeant] (6)]
  2934 | D:4      | Mangled by a gnoll

Levels and vault maps discovered:
D:1:      wander_arrival_fairy_ring, layout_basic, serial_shops, shop, shop,
          shop, minmay_curled_crystal
D:2:      layout_basic, uniq_jessica
D:3:      layout_loops_ring, chequers_serial_rivers_small_b, chequers_avenue
D:4:      layout_basic, nicolae_tso_swordbearing_angel, okawaru_gym_becter,
          nicolae_grassy_gnolls, uniq_blork_the_orc

Skill      XL: |  1  2  3  4  5  6 |
---------------+-------------------+-----
Ranged Weapons | 5 6 7 8 |  8.0
Fighting       | 3 4 5 |  5.5
Dodging        | |  2.9
Stealth        | |  0.7

Action                     |  1- 3 |  4- 6 |  7- 9 || total
---------------------------+-------+-------+-------++-------
   Fire: Shortbow          |   101 |   184 |    14 ||   299
    Use: Scroll            |     3 |     4 |       ||     7
         Potion            |       |     1 |       ||     1
 Armour: Leather armour    |     9 |    45 |     1 ||    55
  Dodge: Dodged            |    26 |    43 |    13 ||    82

Table legend:
 A = Non-vault XP
 B = Vault XP
 C = Vault XP percentage of total XP
 D = Non-vault monster count
 E = Vault monster count
 F = Vault count percentage of total count
                 A         B        C        D         E       F
            +---------+---------+-------+---------+---------+-------
      Total |     616 |     188 |  23.4 |      84 |       6 |   6.7
            +---------+---------+-------+---------+---------+-------
        D:1 |      37 |       0 |   0.0 |      22 |       0 |   0.0
        D:2 |      68 |      37 |  35.2 |      19 |       1 |   5.0
        D:3 |     341 |       0 |   0.0 |      36 |       0 |   0.0
        D:4 |     170 |     151 |  47.0 |       7 |       5 |  41.7
            +---------+---------+-------+---------+---------+-------
